 Dungeon Crawl Stone Soup version 0.31.0-11-ge490571c62 (webtiles) character file.

Game seed: 859900682908454219

167 qw the Skirmisher (level 5, -6/29 HPs)
             Began as a Deep Elf Hunter on Feb 4, 2024.
             Mangled by an iguana (7 damage)
             ... on level 4 of the Dungeon.
             The game lasted 00:00:07 (2135 turns).

qw the Skirmisher (Deep Elf Hunter)                 Turns: 2135, Time: 00:00:08

Health: -6/29      AC:  5    Str: 10    XL:     5   Next: 23%
Magic:  7/7        EV: 11    Int: 14    God:
Gold:   177        SH:  0    Dex: 18    Spells: 4/4 levels left

rFire   . . .        a - +0 shortbow
rCold   + . .        (shield currently unavailable)
rNeg    . . .        b - +0 ring mail
rPois   .            (no helmet)
rElec   .            (no cloak)
rCorr   .            (no gloves)
SInv    .            (no boots)
Will    .....        (no amulet)
Stlth   +            f - ring of protection from cold
HPRegen 0.24/turn    (no ring)
MPRegen 0.10/turn

%: no passive effects
@: no status effects
A: no striking features
a: no special abilities


You were on level 4 of the Dungeon.
You visited 1 branch of the dungeon, and saw 4 of its levels.

You collected 177 gold pieces.


   Skills:
 - Level 1.5 Fighting
 + Level 8.7 Ranged Weapons
 - Level 2.4 Dodging
 - Level 1.2 Stealth


You had 4 spell levels left.
You didn't know any spells.
Your spell library was empty.

Inventory:

Hand Weapons
 a - a +0 shortbow (weapon)
Armour
 b - a +0 ring mail (worn)
Jewellery
 f - a ring of protection from cold (left hand)
Wands
 h - a wand of flame (29)
Scrolls
 c - a scroll of noise {unknown}
Potions
 d - a potion of might
 i - a potion of curing

Dungeon Overview and Level Annotations

Branches:
Dungeon (4/15)
 Temple: D:4-7

Altars:
Nemelex Xobeh


Message History

The gnoll shouts!
The gnoll throws a throwing net.
The throwing net hits you.
You become entangled in the net!
The gnoll moves out of view.
You see here a throwing net.
You struggle against the net.
A gnoll comes into view. It is wielding a +0 spear.
You struggle against the net.
You struggle against the net.
You struggle against the net.
The gnoll shouts!
You hear an angry hiss.
You rip the net and break free!
The gnoll hits you but does no damage.
You shoot an arrow. The arrow hits the gnoll.
The gnoll is lightly wounded.
The gnoll barely misses you.
An iguana comes into view.
The gnoll hits you from afar with a +0 spear.
You shoot an arrow. The arrow hits the gnoll.
The gnoll is heavily wounded.
The gnoll barely misses you. The gnoll closely misses you.
You shoot an arrow. The arrow closely misses the gnoll. x2
The gnoll hits you with a +0 whip. The gnoll hits you but does no damage.
You shoot an arrow. The arrow hits the gnoll.
The gnoll is heavily wounded.
The gnoll barely misses you.
You shoot an arrow. The arrow hits the gnoll.
You kill the gnoll!
The gnoll closely misses you.
You shoot an arrow. The arrow hits the gnoll.
The gnoll is moderately wounded.
The gnoll misses you.
You shoot an arrow. The arrow barely misses the gnoll.
The gnoll hits you from afar with a +0 spear.
The gnoll hits you with a +0 whip. The iguana bites you!
The gnoll hits you but does no damage. The gnoll barely misses you.
The iguana completely misses you.
You shoot an arrow. The arrow barely misses the gnoll.
The gnoll hits you from afar with a +0 spear!
The iguana bites you!
You die...

.......<......)....#
.........#.%.))....#
#####....#.........#
#....#.........#
#....#.........#
###............#
###..........#
#...g......#
#.gl@......#
......#########
...... .... ... .. #


You could see an iguana and 2 gnolls.

Vanquished Creatures
  A hound (D:4)
  A gnoll (D:4)
  8 adders
  A dart slug (D:1)
  2 ribbon worms (D:2)
  6 orcs
  5 endoplasms
  A giant cockroach (D:2)
  2 goblins (D:2)
  3 hobgoblins
  3 kobolds
  3 quokkas
  2 ball pythons
  6 bats
  3 frilled lizards
  5 rats
52 creatures vanquished.

Notes
Turn   | Place    | Note
-------+----------+-------------------------------------------
     0 | D:1      | qw the Deep Elf Hunter began the quest for the Orb.
     0 | D:1      | Reached XP level 1. HP: 12/12 MP: 3/3
     0 | D:1      | 0 ||| qw: Version: 0.3-a-160-g6735b56
     0 | D:1      | 0 ||| qw: Game counter: 4719
     0 | D:1      | 0 ||| qw: Melee chars always use a shield: true
     0 | D:1      | 0 ||| qw: God list: Okawaru
     0 | D:1      | 0 ||| qw: Allow faded altars: false
     0 | D:1      | 0 ||| qw: Do Orc after clearing Dungeon:15 true
     0 | D:1      | 0 ||| qw: Do second Lair branch before Depths: true
     0 | D:1      | 0 ||| qw: Lair rune preference: random
     0 | D:1      | 0 ||| qw: Goals: Normal
     0 | D:1      | 0 ||| PLANNING D:1-11
   509 | D:1      | Reached XP level 2. HP: 16/16 MP: 4/4
   531 | D:1      | Reached skill level 6 in Ranged Weapons
   794 | D:1      | 794 ||| UPGRADING to ring of protection from cold.
   795 | D:1      | 795 ||| READING scroll labelled IVAR ROXECWAT.
   795 | D:1      | 795 ||| ENCHANTING +0 shortbow.
   796 | D:1      | 796 ||| DROPPING scroll of butterflies.
   903 | D:2      | Reached XP level 3. HP: 11/20 MP: 5/5
   994 | D:2      | Reached skill level 7 in Ranged Weapons
  1243 | D:2      | 1243 ||| UPGRADING to +0 ring mail.
  1253 | D:2      | 1253 ||| DROPPING +0 leather armour.
  1254 | D:2      | 1254 ||| READING scroll labelled LUP CEUKKU.
  1255 | D:2      | 1255 ||| READING scroll labelled PIEZEXKA GUSO.
  1259 | D:2      | 1259 ||| READING scroll labelled MAKIS TAXACVUI.
  1259 | D:2      | 1259 ||| IDENTIFYING fizzy puce potion
  1333 | D:3      | Reached XP level 4. HP: 25/25 MP: 6/6
  1338 | D:3      | Found a sparkling altar of Nemelex Xobeh.
  1576 | D:3      | Reached skill level 8 in Ranged Weapons
  1766 | D:3      | 1766 ||| READING scroll labelled CELEFI WOISAOM.
  1867 | D:3      | 1867 ||| READING scroll labelled POIPNU BOCULA.
  1868 | D:3      | 1868 ||| READING scroll labelled JOESUSU CYFOPA.
  1869 | D:3      | 1869 ||| READING scroll labelled PANWUKHL ITAT.
  1870 | D:3      | 1870 ||| READING scroll labelled NAM HUTYLALY.
  1914 | D:3      | 1914 ||| DRINKING 2 clear potions.
  1915 | D:3      | 1915 ||| DRINKING fizzy white potion.
  1919 | D:3      | 1919 ||| DRINKING 2 amethyst potions.
  2020 | D:3      | 2020 ||| DROPPING potion of ambrosia.
  2065 | D:4      | 2065 ||| FLEEEEING.
  2066 | D:4      | 2066 ||| FLEEEEING.
  2070 | D:4      | Reached XP level 5. HP: 25/29 MP: 7/7
  2135 | D:4      | HP: 1/29 [gnoll/+0 spear (7)]
  2135 | D:4      | Mangled by an iguana

Levels and vault maps discovered:
D:1:      dpeg_arrival_rhombus, layout_loops_corners
D:2:      layout_basic
D:3:      layout_rooms, overflow_temple_1_default,
          ebering_dispersal_statue_hall, minmay_crystal_room,
          kennysheep_generic_room_9
D:4:      minmay_wonky_spiral, layout_basic

Skill      XL: |  1  2  3  4 |
---------------+-------------+-----
Ranged Weapons | 6 7 8 |  8.7
Fighting       | |  1.5
Dodging        | |  2.4
Stealth        | |  1.2

Action                     |  1- 3 |  4- 6 || total
---------------------------+-------+-------++-------
   Fire: Shortbow          |   117 |    65 ||   182
    Use: Scroll            |     4 |     5 ||     9
         Potion            |       |     3 ||     3
 Armour: Leather armour    |    11 |       ||    11
         Ring mail         |     7 |    29 ||    36
  Dodge: Dodged            |    37 |    22 ||    59

Table legend:
 A = Non-vault XP
 B = Vault XP
 C = Vault XP percentage of total XP
 D = Non-vault monster count
 E = Vault monster count
 F = Vault count percentage of total count
                 A         B        C        D         E       F
            +---------+---------+-------+---------+---------+-------
      Total |     223 |      16 |   6.7 |      50 |       2 |   3.8
            +---------+---------+-------+---------+---------+-------
        D:1 |      18 |       0 |   0.0 |      10 |       0 |   0.0
        D:2 |      75 |       0 |   0.0 |      23 |       0 |   0.0
        D:3 |      48 |      16 |  25.0 |       9 |       2 |  18.2
        D:4 |      82 |       0 |   0.0 |       8 |       0 |   0.0
            +---------+---------+-------+---------+---------+-------
